 Dungeon Crawl Stone Soup version 0.29-a0-330-g52719c12eb (webtiles) character file.

Game seed: 13483125944660316253

132 HoaS the Quickloader (level 5, -11/30 HPs)
             Began as a Kobold Hunter on May 18, 2022.
             Killed from afar by a steam dragon (17 damage)
             ... with a ball of steam
             ... on level 4 of the Dungeon.
             The game lasted 00:05:31 (2959 turns).

HoaS the Quickloader (Kobold Hunter)                Turns: 2959, Time: 00:05:32

Health: -11/30     AC:  8    Str:  8    XL:     5   Next: 38%
Magic:  5/5        EV: 13    Int: 10    God:
Gold:   1277       SH:  0    Dex: 21    Spells: 4/4 levels left

rFire   . . .      SeeInvis .   a - +1 hand crossbow
rCold   . . .      Faith    .   (no shield)
rNeg    . . .      Spirit   .   e - +0 ring mail
rPois   .          Reflect  .   (no helmet)
rElec   .          Harm     .   (no cloak)
rCorr   .          Rampage  .   f - +2 pair of gloves
Will    .....                   (no boots)
Stlth   +++.......              (no amulet)
HPRegen 0.10/turn               (no ring)
MPRegen 0.09/turn               (no ring)

@: mighty
A: small, no large weapons, nightstalker 3
a: no special abilities


You were on level 4 of the Dungeon.
You visited 1 branch of the dungeon, and saw 4 of its levels.

You collected 1277 gold pieces.

Inventory:

Hand Weapons
 a - a +1 hand crossbow (weapon)
Armour
 e - a +0 ring mail (worn)
 f - a +2 pair of gloves (worn)
Scrolls
 c - a scroll of immolation
 d - 3 scrolls of teleportation
 g - a scroll of enchant armour
 i - 2 scrolls of fog
Potions
 b - 2 potions of flight
 h - a potion of curing
 m - a potion of cancellation {unknown}
 n - a potion of magic {unknown}
 o - a potion of lignification {unknown}
 p - a potion of resistance {unknown}


   Skills:
 - Level 2.1 Fighting
 + Level 8.3 Crossbows
 - Level 2.4 Dodging
 - Level 1.3 Stealth


You had 4 spell levels left.
You didn't know any spells.
Your spell library contained the following spells:

 Spells                   Type           Power      Damage    Failure   Level
 Frozen Ramparts          Ice            0%         1d2       98%         3
 Ozocubu's Armour         Ice            0%         N/A       98%         3
 Ice Form                 Ice/Tmut       0%         N/A       100%        4
 Summon Ice Beast         Ice/Summ       0%         N/A       100%        4
 Metabolic Englaciation   Hex/Ice        0%         N/A       100%        5
 Simulacrum               Ice/Necr       0%         N/A       100%        6


Dungeon Overview and Level Annotations

Branches:
Dungeon (4/15)
 Temple: D:4-7

Altars:


Innate Abilities, Weirdness & Mutations

You are small and have problems with some larger weapons.
You are completely attuned to the shadows.


Message History

The bolt barely misses the steam dragon.
The steam dragon bites you! The steam dragon closely misses you.
The kobold misses you.
Shoot: a) +1 hand crossbow
Press: ? - help, Q - select action Shift-Dir - straight line, f/p - steam dragon
Aim: a steam dragon (severely wounded, 69% to hit)
You shoot a bolt.
The bolt hits the steam dragon but does no damage.
The steam dragon is severely wounded.
The kobold closely misses you. The steam dragon misses you.
The steam dragon claws you but does no damage.
Shoot: a) +1 hand crossbow
Press: ? - help, Q - select action Shift-Dir - straight line, f/p - steam dragon
Aim: a steam dragon (severely wounded, 69% to hit)
You shoot a bolt. The bolt hits the steam dragon.
The steam dragon is almost dead.
The kobold barely misses you.
The steam dragon bites you but does no damage.
The steam dragon misses you.
A scorpion comes into view.
Shoot: a) +1 hand crossbow
Press: ? - help, Q - select action Shift-Dir - straight line, f/p - steam dragon
Aim: a steam dragon (almost dead, 69% to hit)
You shoot a bolt.
The bolt closely misses the steam dragon.
The kobold closely misses you. The steam dragon bites you.
The steam dragon closely misses you. The kobold hits you with a +0 dagger.
The steam dragon bites you.
* * * LOW HITPOINT WARNING * * *
The steam dragon closely misses you.
Shoot: a) +1 hand crossbow
Press: ? - help, Q - select action Shift-Dir - straight line, f/p - steam dragon
Aim: a steam dragon (almost dead, 69% to hit)
You shoot a bolt.
The bolt completely misses the steam dragon.
The kobold hits you but does no damage. The steam dragon breathes steam at you.
The ball of steam hits you!
Ouch! That really hurt!
You die...

........ #.......
...
#........##+##...
#.........#......
.#..<......#.K†...
...........#.@D...
.....####.##..s...
..................
..........##.###..
.............# ..
.............#
##..........#


You could see a steam dragon (catching breath), a scorpion and a kobold.

Vanquished Creatures
  Jessica (D:3)
  6 adders
  A worm (D:3)
  An orc (D:3)
  6 endoplasms
  3 giant cockroaches
  3 goblins
  4 hobgoblins
  2 jackals (D:2)
  A quokka (D:1)
  3 ball pythons
  8 bats
  3 frilled lizards (D:1)
  4 kobolds
  5 rats
51 creatures vanquished.

Vanquished Creatures (others)
  An adder (D:4)
1 creature vanquished.

Grand Total: 52 creatures vanquished

Notes
Turn   | Place    | Note
-------+----------+-------------------------------------------
     0 | D:1      | HoaS the Kobold Hunter began the quest for the Orb.
     0 | D:1      | Reached XP level 1. HP: 12/12 MP: 1/1
    71 | D:1      | Found a faded altar of an unknown god.
   173 | D:1      | Reached XP level 2. HP: 17/17 MP: 2/2
   323 | D:1      | Reached skill level 6 in Crossbows
  1075 | D:2      | Reached XP level 3. HP: 21/21 MP: 3/3
  1641 | D:2      | Reached skill level 7 in Crossbows
  1765 | D:2      | Reached XP level 4. HP: 26/26 MP: 4/4
  1886 | D:3      | Identified a scroll of acquirement
  1886 | D:3      | Acquired 1166 gold pieces
  2215 | D:3      | Noticed Jessica
  2217 | D:3      | Killed Jessica
  2249 | D:3      | Reached XP level 5. HP: 30/30 MP: 5/5
  2304 | D:3      | Reached skill level 8 in Crossbows
  2944 | D:4      | Noticed a steam dragon
  2959 | D:4      | Killed from afar by a steam dragon

Illustrated notes

Levels and vault maps discovered:
D:1:      dpeg_arrival_leaves_temple_mockup, layout_basic,
          shapermc_ecumenical_altar_notcrosses, kennysheep_doodads,
          minmay_misc_feat_doors
D:2:      layout_loops_corners
D:3:      minmay_spotlight, layout_loops_corners, uniq_jessica
D:4:      layout_basic, mainiacjoe_overflow_concentric_impassable,
          tgw_kikubaaqudgha

Skill      XL: |  1  2  3  4  5 |
---------------+----------------+-----
Crossbows      | 6 7 8 |  8.3
Fighting       | |  2.1
Dodging        | |  2.4
Stealth        | |  1.3

Action                   |  1- 3 |  4- 6 || total
-------------------------+-------+-------++-------
 Fire: Hand crossbow     |    63 |    60 ||   123
  Use: Scroll            |     5 |     5 ||    10
       Potion            |       |     2 ||     2
Armor: Leather armour    |     4 |       ||     4
       Ring mail         |     2 |    27 ||    29
Dodge: Dodged            |    12 |    26 ||    38

Table legend: (Time is in decaauts)
 A = Elapsed time spent in this place.
 B = Non-inter-level travel time spent in this place.
 C = Inter-level travel time spent in this place.
 D = Time resting spent in this place.
 E = Time spent auto-exploring this place.
 F = Levels seen in this place.
 G = Mean time per level.
                   A        B        C        D        E       F      G
               +--------+--------+--------+--------+--------+-----+--------+
         Total |   2993 |   2900 |     93 |     60 |   2524 |   4 |  748.2 |
       Dungeon |   2993 |   2900 |     93 |     60 |   2524 |   4 |  748.2 |
               +--------+--------+--------+--------+--------+-----+--------+

Top non-repeatable levels by time:
     D:3: 1060 daAuts
     D:2: 972 daAuts
     D:1: 929 daAuts
     D:4: 30 daAuts
